 Dungeon Crawl Stone Soup version 0.26.1-11-gd32895ea62 (webtiles) character file.

Game seed: 10321991270623617325

1033 nothank2 the Carver (level 8, -1/64 HPs)
             Began as a Minotaur Fighter on June 22, 2021.
             Was an Initiate of Nemelex Xobeh.
             Slain by a bullfrog skeleton (3 damage)
             ... on level 5 of the Dungeon.
             The game lasted 00:09:37 (6388 turns).

nothank2 the Carver (Minotaur Fighter)              Turns: 6388, Time: 00:09:38

Health: -1/64      AC:  6    Str: 22    XL:     8   Next: 3%
Magic:  7/7        EV:  7    Int:  5    God:    Nemelex Xobeh [......]
Gold:   259        SH:  9    Dex: 11    Spells: 7/7 levels left

rFire    + . .     SeeInvis .   a - +0 long sword
rCold    + . .     Faith    .   c - +0 kite shield
rNeg     . . .     Spirit   .   b - +0 scale mail
rPois    .         Reflect  .   (helmet restricted)
rElec    .         Harm     .   y - scarf {rC+ rF+}
rCorr    .         Rampage  .   (no gloves)
Will     .....                  (no boots)
Stlth    ..........             (no amulet)
HPRegen  0.20/turn              (no ring)
MPRegen  0.10/turn              v - ring of flight

@: mighty
A: retaliatory headbutt, horns 2
a: Renounce Religion, Evoke Flight, Draw Escape, Draw Destruction, Draw
Summoning


You were on level 5 of the Dungeon.
You worshipped Nemelex Xobeh.
Nemelex Xobeh was noncommittal.
You visited 2 branches of the dungeon, and saw 6 of its levels.

You collected 259 gold pieces.

Inventory:

Hand Weapons
 a - a +0 long sword (weapon)
Missiles
 m - 46 poisoned darts (quivered)
Armour
 b - a +0 scale mail (worn)
 c - a +0 kite shield (worn)
 y - a scarf of resistance (worn)
Jewellery
 v - a ring of flight (right hand)
Wands
 w - a wand of disintegration (8)
 x - a wand of polymorph (7)
Scrolls
 g - 8 scrolls of identify
 h - 2 scrolls of immolation
 i - 7 scrolls of remove curse
 n - a scroll of fog {unknown}
 o - 3 scrolls of enchant armour {unknown}
 p - a scroll of magic mapping {unknown}
 q - a scroll of fear {unknown}
 r - a scroll of random uselessness {unknown}
 t - 2 scrolls of teleportation {unknown}
 u - a scroll of amnesia {unknown}
Potions
 d - a potion of might
 e - a potion of haste {unknown}
 f - a potion of brilliance {unknown}
 j - 2 potions of degeneration
 k - 2 potions of mutation {unknown}
 l - a potion of magic {unknown}
 s - 4 potions of curing {unknown}
 z - a potion of resistance {unknown}


   Skills:
 - Level 3.6 Fighting
 + Level 11.2 Long Blades
 + Level 0.6 Throwing
 - Level 3.6 Armour
 - Level 3.6 Shields


You had 7 spell levels left.
You didn't know any spells.
Your spell library was empty.

Dungeon Overview and Level Annotations

Branches:
Dungeon (5/15)             Temple (1/1) D:5

Altars:
Ashenzari
Cheibriados
Dithmenos
Elyvilon
Fedhas
Gozag
Hepliaklqana
Kikubaaqudgha
Makhleb
Nemelex Xobeh
Okawaru
Qazlal
Ru
Sif Muna
Trog
Uskayaw
Vehumet
Wu Jian
Xom
Yredelemnul
Zin
The Shining One


Innate Abilities, Weirdness & Mutations

You reflexively headbutt those who attack you in melee.
You have a pair of horns on your head.


Message History

Oc3rt's ghost hits you.
* * * LOW HITPOINT WARNING * * *
The wyvern skeleton completely misses you.
The adder zombie bites you.
* * * LOW HITPOINT WARNING * * *
You barely miss oc3rt's ghost. Your headbutt misses oc3rt's ghost.
Oc3rt's ghost is almost destroyed.
You block the wyvern skeleton's attack. Oc3rt's ghost hits you!
* * * LOW HITPOINT WARNING * * *
The adder zombie barely misses you.
You riposte.
You slice the adder zombie!!
You destroy the adder zombie!
You miss oc3rt's ghost. Your headbutt misses oc3rt's ghost.
Oc3rt's ghost is almost destroyed.
You block the bullfrog skeleton's attack.
Oc3rt's ghost wails.
You slice oc3rt's ghost!!
You destroy oc3rt's ghost!
The bullfrog skeleton hits you.
You die...
Your body disappears without a glow.

..#####.####..............###....
..# #.######.###########.......
.## #.....#....#..#.#..#.......
## #####......##.$[..######... #
##.[..<.#.......# ###...
##.......##.....## #..(##
#........#.......###.#.##
#.(......###'''###.......
##.......@ZZ...........)).
#..........Z..............
#................##...###.
#................###....).
#.#................#......
##.##.....#.....###.#.###..
#.......###.######....# ###
##.######...........#..# #..#
#....###########


You could see a bullfrog skeleton, a wyvern skeleton and a centaur skeleton.

Vanquished Creatures
  The ghost of oc3rt the Bolt Thrower, a novice KoHu (D:5)
  Eustachio (D:5)
  A phantom (D:4)
  An ogre (D:5)
  A scorpion (D:5)
  A centaur zombie (D:4)
  2 bullfrog zombies
  2 hounds (D:5)
  2 bullfrog skeletons (D:4)
  A centaur skeleton (D:4)
  Ijyb (D:5)
  2 hound zombies (D:4)
  A howler monkey zombie (D:4)
  5 worker ant zombies
  8 adders
  4 gnolls (D:5)
  A river rat (D:3)
  2 white imps (D:5)
  An ooze (D:3)
  2 adder skeletons (D:4)
  8 adder zombies
  2 worms
  5 dart slugs
  2 leopard geckos
  6 orcs
  A ball python (D:3)
  15 bats
  5 giant cockroaches
  7 hobgoblins
  9 jackals
  9 kobolds
  3 quokkas
  A ball python skeleton (D:4)
  2 frilled lizards
  A giant cockroach zombie (D:4)
  3 goblins
  4 jackal skeletons
  2 jackal zombies (D:4)
  A leopard gecko skeleton (D:4)
  3 leopard gecko zombies (D:4)
  A quokka skeleton (D:4)
  8 rats
138 creatures vanquished.

Vanquished Creatures (others)
  3 withered plants (D:4)
3 creatures vanquished.

Grand Total: 141 creatures vanquished

Notes
Turn   | Place    | Note
-------+----------+-------------------------------------------
     0 | D:1      | nothank2 the Minotaur Fighter began the quest for the Orb.
     0 | D:1      | Reached XP level 1. HP: 19/19 MP: 0/0
   185 | D:1      | Reached skill level 3 in Long Blades
   225 | D:1      | Reached XP level 2. HP: 26/26 MP: 1/1
   358 | D:1      | Reached skill level 4 in Long Blades
   723 | D:1      | Reached XP level 3. HP: 31/31 MP: 2/2
  1691 | D:2      | Reached skill level 5 in Long Blades
  2413 | D:3      | Reached XP level 4. HP: 37/39 MP: 3/3
  2857 | D:3      | Reached skill level 6 in Long Blades
  2887 | D:3      | Reached XP level 5. HP: 13/45 MP: 4/4
  3249 | D:3      | Found a shimmering blue altar of Sif Muna.
  3656 | D:4      | Reached skill level 7 in Long Blades
  3865 | D:4      | Reached XP level 6. HP: 37/51 MP: 5/5
  3984 | D:4      | Reached skill level 8 in Long Blades
  4260 | D:4      | Reached skill level 9 in Long Blades
  4595 | D:4      | Reached XP level 7. HP: 40/57 MP: 6/6
  4966 | D:5      | Entered Level 5 of the Dungeon
  5194 | D:5      | Noticed Ijyb
  5206 | D:5      | Killed Ijyb
  5307 | D:5      | Noticed Eustachio
  5343 | D:5      | Killed Eustachio
  5344 | D:5      | Reached skill level 10 in Long Blades
  5441 | D:5      | Found a runed translucent gate.
  5445 | D:5      | Found a runed translucent gate.
  5445 | D:5      | Found a runed translucent gate.
  5452 | D:5      | Noticed oc3rt's ghost (novice KoHu)
  5468 | D:5      | Reached skill level 11 in Long Blades
  5493 | D:5      | Reached XP level 8. HP: 20/64 MP: 7/7
  5769 | D:5      | Found a shimmering altar of Xom.
  5792 | D:5      | Found a staircase to the Ecumenical Temple.
  5801 | Temple   | Entered the Ecumenical Temple
  6097 | Temple   | Became a worshipper of Nemelex Xobeh the Trickster
  6383 | D:5      | HP: 1/64 [oc3rt's ghost (13)]
  6388 | D:5      | Killed oc3rt's ghost
  6388 | D:5      | Slain by a bullfrog skeleton

Illustrated notes

Levels and vault maps discovered:
D:1:      wander_arrival_chamber, layout_basic
D:2:      layout_basic, minmay_misc_feat_pillars
D:3:      layout_loops_ring, led_sif_book, portal_sewer_entry_c
D:4:      layout_layer_cave, serial_undead, serial_undead_c, serial_undead_c,
          serial_undead_f, serial_undead_c, serial_undead_d, serial_undead_c,
          serial_undead_d, serial_undead_b, serial_undead_b, serial_undead_c
D:5:      layout_rooms, minmay_temple_entry_wispy, gammafunk_ghost_necromancy,
          basic_altar, nrook_uturn, hangedman_decor_growths, nrook_mini_vaults,
          uniq_ijyb, uniq_eustachio
Temple:   nicolae_temple_the_god_donut

Skill      XL: |  1  2  3  4  5  6  7 |
---------------+----------------------+-----
Long Blades    | 3 4 5 6 7 9 11 | 11.2
Fighting       | |  3.6
Throwing       | |  0.6
Armour         | |  3.6
Shields        | |  3.6

Action                   |  1- 3 |  4- 6 |  7- 9 || total
-------------------------+-------+-------+-------++-------
Melee: Long sword        |   104 |   196 |   110 ||   410
       Headbutt          |    15 |    33 |    29 ||    77
Throw: Dart              |       |     1 |     2 ||     3
  Use: Scroll            |       |     5 |       ||     5
       Potion            |       |       |     1 ||     1
Armor: Scale mail        |    51 |    89 |    59 ||   199
Dodge: Dodged            |    38 |    69 |    40 ||   147
Block: Kite shield       |    57 |   120 |    55 ||   232
       Rpst.: Long sword |     6 |    22 |    13 ||    41
